[Event "ICCopen2017"]
[Site "Internet Chess Club"]
[Date "2017.03.19"]
[Round "1"]
[White "Massada"]
[Black "mathman"]
[Result "0-1"]
[ICCResult "White resigns"]
[WhiteElo "1496"]
[BlackElo "2243"]
[Opening "Sicilian: Sozin with ...a6 and ...b5"]
[ECO "B87"]
[NIC "SI.13"]
[Time "19:01:09"]
[TimeControl "180+0"]

1. e4 c5 2. Nf3 d6 3. d4 cxd4 4. Nxd4 Nf6 5. Nc3 a6 6. Bc4 e6 7. Bb3 b5 8.
O-O Be7 9. f4 O-O 10. f5 e5 11. Nf3 b4 12. Nd5 Nbd7 13. Nxe7+ Qxe7 14. Bg5
h6 15. Bh4 Bb7 16. Re1 a5 17. a4 Ra6 18. g4 Qd8 19. g5 hxg5 20. Bxg5 Qb6+
21. Be3 Qc7 22. Ng5 Nc5 23. Bd5 Ncxe4 24. Bxe4 Nxe4 25. Qh5 Nxg5 26. Qxg5 d5
27. f6 Rxf6 28. Rf1 Rg6 {White resigns} 0-1

[Event "ICCopen2017"]
[Site "Internet Chess Club"]
[Date "2017.03.19"]
[Round "1"]
[White "ThePraxist"]
[Black "RebelJohnny"]
[Result "0-1"]
[ICCResult "White resigns"]
[WhiteElo "1451"]
[BlackElo "1964"]
[Opening "Pirc: Ufimtsev-Pytel variation"]
[ECO "B07"]
[NIC "PU.08"]
[Time "19:01:07"]
[TimeControl "180+0"]

1. e4 d6 2. d4 Nf6 3. Nc3 c6 4. f4 Qa5 5. Bd3 e5 6. Ne2 Bg4 7. dxe5 dxe5 8.
O-O Bc5+ 9. Kh1 Nbd7 10. fxe5 Nxe5 11. Bf4 Nfd7 12. h3 Be6 13. Qe1 O-O-O 14.
Qg3 Bd6 15. Nd4 Rhg8 16. Nxe6 fxe6 17. Rad1 g5 18. Bd2 Nc4 19. Qe1 Qe5 20.
g3 Nxb2 21. Rb1 Nxd3 22. cxd3 Qxg3 23. Qxg3 Bxg3 24. Rf7 Rdf8 25. Rxh7 Rf2
26. Be3 Rh2+ 27. Kg1 Rc2 28. Na4 b5 29. Nc5 Nxc5 30. Bxc5 Rxc5 31. Rxa7 Rc2
32. Ra8+ Kd7 33. Rxg8 Bf4 34. Rg7+ Kd6 35. a4 bxa4 36. Ra1 Be3+ 37. Kf1 Bd4
38. Rxa4 Bxg7 39. Ra7 Bd4 40. Rh7 Ke5 {White resigns} 0-1

[Event "ICCopen2017"]
[Site "Internet Chess Club"]
[Date "2017.03.19"]
[Round "1"]
[White "MDRAFE3"]
[Black "metroactus"]
[Result "1-0"]
[ICCResult "Black resigns"]
[WhiteElo "1827"]
[BlackElo "1186"]
[Opening "King's Indian: fianchetto without c4"]
[ECO "A49"]
[NIC "QP.06"]
[Time "19:01:00"]
[TimeControl "180+0"]

1. d4 Nf6 2. Nf3 g6 3. g3 Bg7 4. Bg2 O-O 5. O-O d6 6. a4 Nbd7 7. a5 Rb8 8.
a6 c5 9. axb7 Bxb7 10. dxc5 Nxc5 11. Rxa7 Qb6 12. Ra3 e5 13. Nbd2 e4 14. Nc4
Qc7 15. Nd4 d5 16. Ne3 Rfe8 17. c3 Ne6 18. Nec2 Nxd4 19. Nxd4 Qc5 20. Rb3
Ba6 21. Be3 Ng4 22. Rxb8 Rxb8 23. Qd2 Nxe3 24. fxe3 Qc4 25. b3 Qc7 26. Ra1
Bxd4 27. exd4 Bb5 28. e3 Bd3 29. b4 Qb7 30. Bf1 Ra8 31. Rxa8+ Qxa8 32. Bxd3
Qa1+ 33. Bf1 Qa7 34. b5 f5 35. c4 dxc4 36. Bxc4+ Kg7 37. Qb2 Qe7 38. b6 Qg5
39. Qf2 Qd8 40. b7 Qb8 41. Bd5 {Black resigns} 1-0

[Event "ICCopen2017"]
[Site "Internet Chess Club"]
[Date "2017.03.19"]
[Round "1"]
[White "Pachec"]
[Black "daskapitallesen"]
[Result "1-0"]
[ICCResult "Black checkmated"]
[WhiteElo "1340"]
[BlackElo "1839"]
[Opening "Queen's Indian: 4.Nc3"]
[ECO "E12"]
[NIC "NI.26"]
[Time "19:01:29"]
[TimeControl "180+0"]

1. d4 e6 2. Nf3 Nf6 3. c4 b6 4. Nc3 Bb4 5. Qc2 Bb7 6. e3 O-O 7. Be2 d5 8.
O-O Nbd7 9. cxd5 Nxd5 10. Bd2 c5 11. dxc5 Bxc5 12. Rfd1 Qe7 13. a3 Rac8 14.
Qb1 Bd6 15. Ne4 Bb8 16. Bb4 Nc5 17. Nxc5 bxc5 18. Be1 Qf6 19. Qc2 Rfd8 20.
Bc3 Nxc3 21. Qxc3 Qxc3 22. bxc3 Bc7 23. c4 Rxd1+ 24. Rxd1 Rd8 25. Rxd8+ Bxd8
26. Ne5 Kf8 27. Bf3 Bxf3 28. gxf3 Ke7 29. Nc6+ Kd7 30. Nxa7 Ba5 31. Kf1 f6
32. Ke2 Bc7 33. h4 Be5 34. h5 Bb2 35. a4 Kc7 36. Kd3 Kb6 37. Nb5 g6 38. hxg6
hxg6 39. f4 Bc1 40. Kc2 Bxe3 41. fxe3 g5 42. Kd2 gxf4 43. exf4 e5 44. fxe5
fxe5 45. Ke3 Ka5 46. Ke4 Kxa4 47. Nd6 Kb4 48. Kxe5 Ka5 49. Kd5 Kb6 50. Ne4
Kc7 51. Nxc5 Kc8 52. Ne6 Kd7 53. c5 Kc8 54. Kc6 Kb8 55. Kd7 Ka7 56. c6 Ka8
57. c7 Ka7 58. c8=Q Kb6 59. Qc6+ Ka7 60. Nc5 Kb8 61. Qb7# {Black checkmated}
1-0

[Event "ICCopen2017"]
[Site "Internet Chess Club"]
[Date "2017.03.19"]
[Round "1"]
[White "burbur"]
[Black "vbtry3"]
[Result "1-0"]
[ICCResult "Black checkmated"]
[WhiteElo "2476"]
[BlackElo "1711"]
[Opening "Queen's pawn game, Darooha variation "]
[ECO "D02"]
[NIC "QP.08"]
[Time "19:00:52"]
[TimeControl "180+0"]

1. d4 d5 2. Nf3 Nf6 3. c4 e6 4. g3 dxc4 5. Qa4+ Qd7 6. Qxc4 a6 7. Bg2 b5 8.
Qc2 Bb7 9. O-O Be7 10. Rd1 O-O 11. Ne5 Qc8 12. Nc6 Nxc6 13. Bxc6 Bxc6 14.
Qxc6 Qd7 15. Qxd7 Nxd7 16. Nc3 c5 17. d5 exd5 18. Nxd5 Bd6 19. Be3 Rad8 20.
Rac1 c4 21. b3 Ne5 22. Bb6 Rd7 23. f4 Ng4 24. bxc4 bxc4 25. Rxc4 Rb7 26. Rc6
Ba3 27. h3 Nh6 28. g4 Re8 29. Kf2 Kh8 30. Kf3 Ng8 31. e4 h6 32. e5 Ne7 33.
Nxe7 Rbxe7 34. Bd8 Re6 35. Rxe6 Rxe6 36. Rd3 Bc5 37. Ke4 Bb6 38. f5 Rc6 39.
Bxb6 Rxb6 40. Rd8+ Kh7 41. Rd7 Rb4+ 42. Kd5 Ra4 43. Rxf7 Rxa2 44. f6 Rd2+
45. Ke6 Kg6 46. Rxg7# {Black checkmated} 1-0

[Event "ICCopen2017"]
[Site "Internet Chess Club"]
[Date "2017.03.19"]
[Round "1"]
[White "sicilianfan"]
[Black "Machinegun"]
[Result "0-1"]
[ICCResult "White resigns"]
[WhiteElo "1589"]
[BlackElo "2421"]
[Opening "King's Indian: Sämisch, orthodox variation"]
[ECO "E85"]
[NIC "KI.43"]
[Time "19:01:04"]
[TimeControl "180+0"]

1. d4 Nf6 2. c4 g6 3. Nc3 Bg7 4. e4 d6 5. f3 O-O 6. Be3 e5 7. Nge2 exd4 8.
Nxd4 Re8 9. Qd2 Nc6 10. Be2 Nh5 11. O-O f5 12. Nxc6 bxc6 13. Rad1 f4 14. Bf2
Qg5 15. Bd4 Bh6 16. c5 Bh3 17. Bc4+ Kf8 18. cxd6 cxd6 19. Bh8 Qc5+ 20. Qd4
Be6 21. Bxe6 Qxd4+ 22. Bxd4 Rxe6 23. Rd2 Ke7 24. Rfd1 Bg7 25. Ne2 Bf8 26.
Bc3 c5 27. b4 Ke8 28. bxc5 dxc5 29. Rd5 Rb8 30. Rd7 Re7 31. R7d5 h6 32. Rxc5
Rxe4 33. Rxh5 Rxe2 34. Rhd5 Rc8 35. Bf6 Rcc2 36. Rd7 Rxg2+ 37. Kf1 Rcf2+ 38.
Ke1 Bb4+ {White resigns} 0-1

[Event "ICCopen2017"]
[Site "Internet Chess Club"]
[Date "2017.03.19"]
[Round "1"]
[White "charlestehace"]
[Black "vsqk"]
[Result "1-0"]
[ICCResult "Black checkmated"]
[WhiteElo "3221"]
[BlackElo "1781"]
[Opening "QGD semi-Slav: 5.e3"]
[ECO "D45"]
[NIC "SL.08"]
[Time "19:01:35"]
[TimeControl "180+0"]

1. d4 d5 2. c4 c6 3. Nf3 Nf6 4. e3 e6 5. Nc3 Be7 6. Qc2 O-O 7. b3 Bb4 8. Bd2
Nbd7 9. Bd3 a6 10. O-O dxc4 11. bxc4 h6 12. h3 Bd6 13. Rfd1 Qe7 14. c5 Bc7
15. Rab1 e5 16. Nh4 e4 17. Bc4 Nd5 18. Bxd5 Qxh4 19. Bxe4 Nf6 20. Bf5 Be6
21. Rxb7 Ba5 22. Be1 Qg5 23. Bxe6 fxe6 24. Ne4 Nxe4 25. Qxe4 Bxe1 26. Qxe6+
Kh8 27. Rxe1 Rae8 28. Qg4 Qf6 29. Qg3 Re7 30. Rxe7 Qxe7 31. Qd6 Qf7 32. f3
Rc8 33. Re2 Qc4 34. Kf2 Qb5 35. e4 Re8 36. e5 Qc4 37. e6 Kh7 38. Qd7 Rf8 39.
e7 Rf6 40. e8=Q a5 41. Qee7 Rg6 42. Qf7 Qc3 43. Qff5 a4 44. h4 h5 45. Qxh5+
Rh6 46. Qhf5+ Rg6 47. h5 Kh6 48. Qxg6# {Black checkmated} 1-0

[Event "ICCopen2017"]
[Site "Internet Chess Club"]
[Date "2017.03.19"]
[Round "1"]
[White "icewoman"]
[Black "MiodragJevtic"]
[Result "0-1"]
[ICCResult "White forfeits on time"]
[WhiteElo "1059"]
[BlackElo "1823"]
[Opening "King's Indian: East Indian defense"]
[ECO "A48"]
[NIC "QP.06"]
[Time "19:00:43"]
[TimeControl "180+0"]

1. d4 Nf6 2. Nf3 g6 3. e3 Bg7 4. Bd3 O-O 5. b3 a5 6. Bb2 a4 7. O-O d6 8.
Nbd2 Nbd7 9. c4 c5 10. d5 a3 11. Bc3 b5 12. cxb5 Nxd5 13. Bxg7 Kxg7 14. Qc2
N7b6 15. Ne4 Nb4 16. Qc3+ e5 17. Nfg5 h6 18. Nf3 f5 19. Ng3 Qf6 20. Qc1 e4
21. Bc4 d5 22. Bxd5 N6xd5 23. Qxc5 Be6 {White forfeits on time} 0-1

[Event "ICCopen2017"]
[Site "Internet Chess Club"]
[Date "2017.03.19"]
[Round "1"]
[White "mrneale"]
[Black "tonychess2014"]
[Result "0-1"]
[ICCResult "White forfeits on time"]
[WhiteElo "1090"]
[BlackElo "1834"]
[Opening "Pirc: classical system, 5.Be2"]
[ECO "B08"]
[NIC "PU.03"]
[Time "19:01:55"]
[TimeControl "180+0"]

1. e4 d6 2. d4 Nf6 3. Nc3 g6 4. Nf3 Bg7 5. Be2 c5 6. dxc5 Qa5 7. cxd6 Nxe4
8. dxe7 Nxc3 9. Qd8+ Qxd8 10. exd8=Q+ Kxd8 11. Bd2 Nxe2 12. Kxe2 Re8+ 13.
Be3 Nc6 14. Rad1+ Kc7 15. Rhe1 Bg4 16. Kf1 Bxf3 17. gxf3 Rad8 18. Bf4+ Kc8
19. Rxd8+ Rxd8 20. Kg2 Bxb2 21. Re3 g5 22. Bxg5 Rg8 23. h4 f6 24. f4 fxg5
25. fxg5 h6 26. f4 hxg5 27. fxg5 Nd4 28. Kg3 Nf5+ {White forfeits on time}
0-1

[Event "ICCopen2017"]
[Site "Internet Chess Club"]
[Date "2017.03.19"]
[Round "1"]
[White "blackjack721"]
[Black "kaimann"]
[Result "0-1"]
[ICCResult "White checkmated"]
[WhiteElo "1394"]
[BlackElo "1960"]
[Opening "Alekhine's defense: Scandinavian variation"]
[ECO "B02"]
[NIC "AL.10"]
[Time "19:01:09"]
[TimeControl "180+0"]

1. e4 Nf6 2. Nc3 d5 3. e5 Ne4 4. Qf3 Nxc3 5. Qxc3 Bf5 6. Be2 e6 7. g4 Bg6 8.
h4 h6 9. f4 Be4 10. Rh3 Nc6 11. Nf3 Be7 12. a3 Bxf3 13. Bxf3 Bxh4+ 14. Kf1
Qe7 15. d3 O-O-O 16. Bd2 g5 17. f5 exf5 18. gxf5 Qxe5 19. Qb3 Nd4 20. Qc3
Nxf3 21. Rxf3 Qxc3 22. Bxc3 d4 23. Bb4 Rhe8 24. f6 Rd5 25. c3 c5 26. c4 Rde5
27. Bd2 b6 28. b4 g4 29. Rf4 h5 30. Re4 Rxe4 31. dxe4 Rxe4 32. Re1 Bxe1 33.
Bxe1 Rxe1+ 34. Kxe1 Kd7 35. Kf2 Ke6 36. Kg3 Kxf6 37. b5 Kf5 38. Kh4 d3 39.
Kxh5 g3 40. Kh6 g2 41. Kg7 g1=Q+ 42. Kxf7 Qd4 43. Ke7 d2 44. a4 d1=Q 45. a5
Qd7+ 46. Kf8 Kg6 47. a6 Qf3+ 48. Kg8 Qa8# {White checkmated} 0-1

[Event "ICCopen2017"]
[Site "Internet Chess Club"]
[Date "2017.03.19"]
[Round "1"]
[White "shredded"]
[Black "ALexiz"]
[Result "1-0"]
[ICCResult "Black resigns"]
[WhiteElo "2777"]
[BlackElo "1710"]
[Opening "Queen's pawn: London system"]
[ECO "A45"]
[NIC "QP.07"]
[Time "19:01:07"]
[TimeControl "180+0"]

1. d4 Nf6 2. Bf4 d5 3. e3 c6 4. c4 Bf5 5. Nc3 e6 6. Qb3 Qb6 7. c5 Qxb3 8.
axb3 Nbd7 9. b4 a6 10. b5 cxb5 11. Nxb5 Rc8 12. Nd6+ Bxd6 13. Bxd6 Ne4 14.
Bg3 O-O 15. Ne2 Rfe8 16. f3 Nxg3 17. Nxg3 Bg6 18. Kd2 f5 19. f4 Nf6 20. b4
Ne4+ 21. Nxe4 fxe4 22. b5 axb5 23. Bxb5 Re7 24. Rhb1 h5 25. Ra7 Rcc7 26. Be2
Kh7 27. Rb6 Be8 28. g3 g6 29. h3 Bc6 30. g4 hxg4 31. hxg4 Kg7 32. g5 Kf7 33.
Ra8 Re8 34. Rxe8 Kxe8 35. Rb1 Kf7 36. Kc3 Kg7 37. Kb4 Rc8 38. Ra1 Rh8 39.
Bb5 Rh3 40. Ra3 Rh1 41. Bxc6 bxc6 42. Ra7+ Kf8 43. Rc7 Re1 44. Rxc6 Kf7 45.
Rc7+ Kf8 46. c6 Rxe3 47. Kc5 Rc3+ 48. Kd6 e3 49. Rb7 e2 50. Rb1 Kf7 51. Re1
Rc2 52. Kd7 Ra2 53. c7 Ra7 54. Rxe2 {Black resigns} 1-0

[Event "ICCopen2017"]
[Site "Internet Chess Club"]
[Date "2017.03.19"]
[Round "1"]
[White "Hesham-A"]
[Black "Speirs"]
[Result "1-0"]
[ICCResult "Black resigns"]
[WhiteElo "2511"]
[BlackElo "1656"]
[Opening "Benko's opening"]
[ECO "A00"]
[NIC "EO.13"]
[Time "19:02:07"]
[TimeControl "180+0"]

1. g3 Nf6 2. Bg2 g6 3. c4 Bg7 4. Nc3 O-O 5. Nf3 d6 6. O-O e5 7. d3 Nc6 8.
Rb1 Bg4 9. b4 Qd7 10. b5 Nd8 11. Re1 Rc8 12. a4 c6 13. Ba3 Re8 14. Ng5 h6
15. Nge4 Nxe4 16. Nxe4 c5 17. Bc1 Bh3 18. Bxh6 Bxg2 19. Kxg2 f5 20. Bxg7
fxe4 21. Bh6 exd3 22. Qxd3 Qh7 23. Bc1 Nf7 24. h4 Rcd8 25. Bg5 Rd7 26. Qd5
Kf8 27. Rb3 Qh5 28. Rf3 Kg7 29. Rd1 e4 30. Rf4 Qxe2 31. Rd2 Qe1 32. Bf6+ Kh7
33. Bc3 Ree7 34. h5 Ne5 35. Rxe4 Qc1 36. hxg6+ Nxg6 37. Qh5+ Kg8 38. Qxg6+
Kf8 39. Rf4+ Rf7 40. Qg7+ Ke8 41. Qg8+ {Black resigns} 1-0

[Event "ICCopen2017"]
[Site "Internet Chess Club"]
[Date "2017.03.19"]
[Round "1"]
[White "BotanicalKnight"]
[Black "playwaycool"]
[Result "0-1"]
[ICCResult "White forfeits on time"]
[WhiteElo "1516"]
[BlackElo "2277"]
[Opening "Bishop's opening: Berlin defense"]
[ECO "C24"]
[NIC "IG.04"]
[Time "19:01:35"]
[TimeControl "180+0"]

1. e4 e5 2. Bc4 Nf6 3. d3 Nc6 4. Nc3 h6 5. f4 d6 6. Nf3 Bg4 7. h3 Bxf3 8.
Qxf3 Nd4 9. Qf2 c6 10. O-O b6 11. a3 Be7 12. fxe5 dxe5 13. Kh1 Qd7 14. Nd1
Bc5 15. b4 Bd6 16. c3 Ne6 17. Ne3 b5 18. Bb3 Nf4 19. Nf5 Rg8 20. Bxf4 exf4
21. Nxd6+ Qxd6 22. Qxf4 Qxf4 23. Rxf4 O-O-O 24. a4 Rxd3 25. Bxf7 Rgd8 26.
axb5 Rd1+ 27. Rxd1 Rxd1+ 28. Kh2 cxb5 29. Rf5 a6 30. e5 Nd5 31. e6 Ne7 32.
Rc5+ Kb7 33. Bh5 Rd6 34. Bf3+ Kb6 35. Re5 g5 36. h4 gxh4 37. Kh3 Kc7 38. Rh5
Rxe6 39. Rxh4 Rf6 40. Re4 Ng6 41. Bh5 Nf4+ 42. Kg4 Nxh5 43. Kxh5 Rc6 44.
Re7+ Kb6 45. Rh7 Rxc3 46. Rxh6+ Kb7 47. Rh7+ Kb8 48. g4 Rh3+ 49. Kg6 Rc3 50.
g5 Rc4 51. Rh8+ Kb7 52. Rh7+ Kb6 53. Rh8 Rxb4 {White forfeits on time} 0-1

[Event "ICCopen2017"]
[Site "Internet Chess Club"]
[Date "2017.03.19"]
[Round "1"]
[White "ChessMind"]
[Black "flashlight"]
[Result "1-0"]
[ICCResult "Black disconnected and forfeits"]
[WhiteElo "1496"]
[BlackElo "2118"]
[Opening "Sicilian: Anderssen variation"]
[ECO "B41"]
[NIC "SI.41"]
[Time "19:01:16"]
[TimeControl "180+0"]

1. e4 c5 2. Nf3 e6 3. d4 cxd4 4. Nxd4 Nf6 5. Nc3 Nc6 6. Ndb5 Bb4 7. a3 Bxc3+
8. Nxc3 d5 9. exd5 exd5 10. Bd3 O-O 11. O-O d4 12. Ne2 Bg4 13. f3 Bh5 14.
Nf4 Bg6 15. Nxg6 hxg6 16. Bg5 Qd6 17. f4 Ne7 18. Qf3 Qd5 19. Qh3 Nf5 20.
Bxf5 Qxf5 21. Qxf5 gxf5 22. Bxf6 gxf6 23. Rad1 Rfd8 24. Rf3 Rac8 25. Rd2 Kf8
26. Rfd3 Ke7 27. Re2+ Kf8 28. Red2 Rd5 29. c3 Rb5 30. Rxd4 Kg7 31. Rd5 Rcc5
32. Rxc5 Rxc5 33. Kf2 a5 34. Rd7 b5 35. Ra7 a4 36. Rb7 Rd5 37. Ke3 Rc5 38.
Kd4 Rc4+ 39. Kd3 Rxf4 40. Rxb5 Rf2 41. Rb4 Rxg2 42. Rxa4 Rxb2 43. Rf4 Kg6
44. h4 Ra2 45. a4 Ra1 46. Rb4 Kh5 47. c4 Rf1 48. c5 Rd1+ 49. Ke2 Rd8 50. c6
Rc8 51. Rc4 f4 52. a5 Kg4 53. a6 Kg3 54. c7 f3+ 55. Kf1 f5 56. Rc1 f4 57. a7
f2 58. a8=Q Rxa8 59. c8=Q {Black disconnected and forfeits} 1-0

[Event "ICCopen2017"]
[Site "Internet Chess Club"]
[Date "2017.03.19"]
[Round "1"]
[White "CristianS"]
[Black "rjohnson812"]
[Result "1-0"]
[ICCResult "Black forfeits on time"]
[WhiteElo "1989"]
[BlackElo "1399"]
[Opening "French: Tarrasch, closed variation"]
[ECO "C05"]
[NIC "FR.16"]
[Time "19:00:41"]
[TimeControl "180+0"]

1. e4 e6 2. d4 d5 3. Nd2 Nf6 4. e5 Nfd7 5. Ngf3 c5 6. c3 Nc6 7. Bd3 Qb6 8.
O-O cxd4 9. cxd4 Nxd4 10. Nxd4 Qxd4 11. Nf3 Qb6 12. Qa4 Be7 13. Qg4 g6 14.
Re1 Nc5 15. Bc2 Bd7 16. Bh6 O-O-O 17. b4 Na4 18. Bb3 Kb8 19. Ng5 Bxg5 20.
Bxg5 Rc8 21. Bxd5 exd5 22. Qxd7 Qc6 23. Qxf7 Rhf8 24. Qg7 Qe6 25. Bf6 Rf7
26. Qh6 Re8 27. Qf4 Nb6 28. Kf1 Ka8 29. a4 Nd7 30. a5 Qa6+ 31. Kg1 Re6 32.
Qd4 Qc4 33. Qxc4 dxc4 34. Rad1 Kb8 35. Rc1 b5 36. axb6 Nxb6 37. Red1 Kc7 38.
Bd8+ Kb7 39. Bf6 Kc7 40. b5 Rd7 41. Rxd7+ Kxd7 42. Kf1 Re8 43. Ke2 Ke6 44.
f4 Rc8 45. g4 Nd5 46. Kf3 c3 47. Ke4 Nxf6+ 48. exf6 Kxf6 49. Kd3 h5 50. h3
hxg4 51. hxg4 Rb8 52. Kc4 Rc8+ 53. Kb4 c2 54. Kb3 Rc5 55. Kb4 Rc8 56. Ka5
{Black forfeits on time}
1-0

[Event "ICCopen2017"]
[Site "Internet Chess Club"]
[Date "2017.03.19"]
[Round "1"]
[White "rovov"]
[Black "BlackHorse96"]
[Result "0-1"]
[ICCResult "White forfeits on time"]
[WhiteElo "1766"]
[BlackElo "3104"]
[Opening "Réti opening"]
[ECO "A04"]
[NIC "EO.13"]
[Time "19:01:23"]
[TimeControl "180+0"]

1. Nf3 g6 2. c4 Bg7 3. Nc3 d6 4. g3 Nf6 5. Bg2 O-O 6. O-O e5 7. d3 Nc6 8.
Rb1 a5 9. a3 Re8 10. b4 axb4 11. axb4 e4 12. Nd2 exd3 13. exd3 Bf5 14. Nde4
Nxe4 15. Nxe4 h6 16. b5 Nd4 17. Bb2 Ra2 18. Nc3 Ne2+ 19. Nxe2 Rxb2 20. Rxb2
Bxb2 21. Qc2 Bg7 22. Bxb7 h5 23. Nc3 h4 24. Be4 hxg3 25. hxg3 Bh3 26. Bg2
Bf5 27. Ne4 Bd4 28. Rb1 Kg7 29. Rb3 Qa8 30. Qc1 Qa2 31. Qb1 Qe2 32. Qf1 Qc2
33. Qb1 Qe2 34. Qf1 Qg4 35. Ra3 Rh8 36. Ra6 Bxe4 37. Bxe4 Qxg3+ 38. Qg2
Bxf2+ {White forfeits on time} 0-1

[Event "ICCopen2017"]
[Site "Internet Chess Club"]
[Date "2017.03.19"]
[Round "1"]
[White "jupiter26"]
[Black "HuevosDeLeon"]
[Result "0-1"]
[ICCResult "White forfeits on time"]
[WhiteElo "1663"]
[BlackElo "2603"]
[Opening "Réti opening"]
[ECO "A05"]
[NIC "QP.11"]
[Time "19:00:50"]
[TimeControl "180+0"]

1. Nf3 Nf6 2. g3 d5 3. Bg2 e6 4. O-O Be7 5. d3 O-O 6. Nbd2 Nc6 7. e4 dxe4 8.
dxe4 e5 9. c3 a5 10. Nc4 Qxd1 11. Rxd1 Nxe4 12. Nfxe5 Nxe5 13. Nxe5 Bf5 14.
g4 Bc5 15. gxf5 Nxf2 16. Rd5 Ba7 17. Kf1 Rae8 18. Nd7 Ng4 19. Bf4 Be3 20.
Bg3 Ba7 21. Bf4 Be3 22. Bg3 Ba7 23. Bf4 g5 24. fxg6 fxg6 25. Nxf8 Rxf8 26.
Bf3 Rxf4 27. Kg2 Ne3+ 28. Kg3 Rf8 29. Rd3 Nf5+ 30. Kg2 Nh4+ 31. Kg3 Nf5+ 32.
Kg2 Ne3+ 33. Kf2 Nc4+ 34. Kg3 Ne5 35. Bd5+ Kg7 36. Rd2 c6 37. Bc4 b5 38. Bb3
a4 39. Bc2 Bb8 40. Rd4 Nf3+ 41. Kf2 Nxd4+ 42. Ke3 Ba7 43. Rb1 Nxc2+ 44. Kd2
Rf2+ 45. Kd3 Rxh2 46. Re1 Nxe1+ 47. Ke4 Re2+ {White forfeits on time} 0-1

[Event "ICCopen2017"]
[Site "Internet Chess Club"]
[Date "2017.03.19"]
[Round "1"]
[White "Spirals"]
[Black "blunder23"]
[Result "1-0"]
[ICCResult "Black forfeits on time"]
[WhiteElo "2105"]
[BlackElo "1447"]
[Opening "Sicilian: closed"]
[ECO "B23"]
[NIC "SI.44"]
[Time "19:00:42"]
[TimeControl "180+0"]

1. e4 c5 2. Nc3 e6 3. g3 a6 4. Bg2 Nc6 5. a4 Nf6 6. Nf3 e5 7. O-O d6 8. d3
Bg4 9. h3 Bxf3 10. Bxf3 Be7 11. Bg2 O-O 12. f4 exf4 13. gxf4 Nd4 14. Be3 Qd7
15. e5 dxe5 16. fxe5 Nd5 17. Nxd5 Bh4 18. Bxd4 cxd4 19. Qg4 Qxg4 20. hxg4
Rae8 21. c3 Rxe5 22. cxd4 Rg5 23. Ne7+ Kh8 24. Nf5 Rxg4 25. Nxh4 Rxh4 26.
Rae1 Rxd4 27. Rxf7 Rg8 28. Rxb7 Rxa4 29. Bd5 Rg4+ 30. Bg2 h5 31. Rbe7 h4 32.
R1e4 Rxe4 33. Bxe4 Rb8 34. Ra7 Kg8 35. Ra8 Rxa8 36. Bxa8 Kf7 37. Bd5+ Kf6
38. Kh2 Ke5 39. Bc4 g5 40. Bxa6 g4 41. Bb7 Kd4 42. Be4 Kc5 43. Kg2 Kb4 44.
Bf5 Kb3 45. Bxg4 Kxb2 46. Bf5 Kc3 47. Kh3 Kd4 48. Kxh4 Ke5 49. Be4 Kd4 50.
Kg5 Ke5 51. Kg4 Kd6 52. Kf4 Ke7 53. Ke3 Kd6 54. d4 {Black forfeits on time}
1-0

[Event "ICCopen2017"]
[Site "Internet Chess Club"]
[Date "2017.03.19"]
[Round "1"]
[White "mvillalba"]
[Black "Belzlover"]
[Result "1-0"]
[ICCResult "Black forfeits on time"]
[WhiteElo "2155"]
[BlackElo "1480"]
[Opening "Modern defense"]
[ECO "A40"]
[NIC "QO.17"]
[Time "19:01:25"]
[TimeControl "180+0"]

1. d4 g6 2. Nf3 Bg7 3. Bf4 d6 4. h3 Nd7 5. e3 e5 6. Bh2 Ne7 7. Be2 O-O 8.
O-O exd4 9. exd4 Nf6 10. c3 Bf5 11. Nbd2 Re8 12. Re1 Ne4 13. Qb3 Nxd2 14.
Nxd2 Qd7 15. Bf3 c6 16. Nc4 Nd5 17. Rxe8+ Rxe8 18. Nxd6 Re7 19. Nxf5 Qxf5
20. Qd1 h5 21. Qb1 Qe6 22. Qd3 Bh6 23. Bxd5 cxd5 24. Bg3 Qe2 25. Qxe2 Rxe2
26. Rb1 f5 27. Kf1 Rd2 28. f3 f4 29. Be1 Rd3 30. Ke2 Re3+ 31. Kf2 Bg7 32.
Bd2 Re7 33. Re1 Rxe1 34. Kxe1 g5 35. Ke2 Kf7 36. Kd3 Ke6 37. b3 Kf5 38. c4
dxc4+ 39. bxc4 g4 40. hxg4+ hxg4 41. Bc3 gxf3 42. gxf3 Ke6 43. d5+ Kf7 44.
Bxg7 {Black forfeits on time} 1-0

[Event "ICCopen2017"]
[Site "Internet Chess Club"]
[Date "2017.03.19"]
[Round "1"]
[White "jcgs1030"]
[Black "chesscomet"]
[Result "0-1"]
[ICCResult "White forfeits on time"]
[WhiteElo "2006"]
[BlackElo "1732"]
[Opening "Pirc: Ufimtsev-Pytel variation"]
[ECO "B07"]
[NIC "PU.08"]
[Time "19:00:54"]
[TimeControl "180+0"]

1. e4 d6 2. d4 Nf6 3. Nc3 c6 4. f4 Qa5 5. Bd3 e5 6. fxe5 dxe5 7. dxe5 Ng4 8.
Qe2 Nxe5 9. Bd2 Nxd3+ 10. cxd3 Qc7 11. Nf3 Bd6 12. e5 Be7 13. d4 O-O 14.
O-O-O b5 15. Kb1 a5 16. h4 Be6 17. Ng5 Bc4 18. Qh5 Bxg5 19. hxg5 Bd3+ 20.
Ka1 Bg6 21. Qf3 Qd7 22. Bf4 b4 23. Ne4 Qd5 24. Nc5 Qxf3 25. gxf3 Na6 26. Rc1
Nxc5 27. Rxc5 Rfc8 28. Rhc1 Ra6 29. d5 a4 {White forfeits on time} 0-1

[Event "ICCopen2017"]
[Site "Internet Chess Club"]
[Date "2017.03.19"]
[Round "1"]
[White "Theunrock"]
[Black "Indiana-Jones"]
[Result "0-1"]
[ICCResult "White resigns"]
[WhiteElo "1703"]
[BlackElo "2721"]
[Opening "Polish (Sokolsky) opening"]
[ECO "A00"]
[NIC "VO.10"]
[Time "19:02:13"]
[TimeControl "180+0"]

1. b4 d5 2. Bb2 c6 3. a3 Nf6 4. e3 Bf5 5. Nf3 e6 6. c4 Nbd7 7. Nc3 Bd6 8.
Be2 h6 9. h3 O-O 10. O-O Re8 11. d4 Ne4 12. Nxe4 Bxe4 13. Ne5 Nxe5 14. dxe5
Bc7 15. Bf3 Bg6 16. b5 Qg5 17. Qd4 Bb6 18. Qf4 Qxf4 19. exf4 Rac8 20. Rfc1
Bd3 21. cxd5 cxd5 22. a4 Rc4 23. Rxc4 Bxc4 24. a5 Bc5 25. a6 b6 {White
resigns} 0-1

[Event "ICCopen2017"]
[Site "Internet Chess Club"]
[Date "2017.03.19"]
[Round "1"]
[White "YKQ"]
[Black "bythebook"]
[Result "1-0"]
[ICCResult "Black forfeits on time"]
[WhiteElo "2488"]
[BlackElo "1616"]
[Opening "Queen's pawn: London system"]
[ECO "A45"]
[NIC "QP.07"]
[Time "19:02:04"]
[TimeControl "180+0"]

1. d4 Nf6 2. Bf4 d5 3. e3 Bf5 4. c4 e6 5. Qb3 Qc8 6. Nc3 c6 7. Rc1 Qd7 8.
Nf3 Nh5 9. Ne5 Qe7 10. Bg3 Nxg3 11. hxg3 f6 12. Nd3 Na6 13. Be2 Qd7 14. Nf4
Bd6 15. g4 Bxf4 16. gxf5 Bd6 17. fxe6 Qe7 18. cxd5 cxd5 19. Bxa6 bxa6 20.
Nxd5 {Black forfeits on time} 1-0

[Event "ICCopen2017"]
[Site "Internet Chess Club"]
[Date "2017.03.19"]
[Round "1"]
[White "shirovinster"]
[Black "Colombiano07"]
[Result "0-1"]
[ICCResult "White forfeits on time"]
[WhiteElo "1456"]
[BlackElo "1979"]
[Opening "Caro-Kann: Panov-Botvinnik attack, 5...g6"]
[ECO "B14"]
[NIC "CK.03"]
[Time "19:01:57"]
[TimeControl "180+0"]

1. c4 c6 2. e4 d5 3. exd5 cxd5 4. d4 Nf6 5. Nc3 g6 6. cxd5 Nxd5 7. Bc4 Nxc3
8. Qb3 e6 9. bxc3 Bg7 10. Nf3 O-O 11. O-O Nc6 12. Ba3 Re8 13. Rfe1 Na5 14.
Qb4 Nxc4 15. Qxc4 b6 16. Ne5 Bb7 17. Rad1 Rc8 18. Qd3 Qd5 19. f3 Qxa2 20. c4
Bxe5 21. dxe5 Qxc4 22. Qxc4 Rxc4 23. Rd7 Ra4 24. Bd6 Bd5 25. Rc7 Rc4 26. Ra1
Rxc7 27. Bxc7 Ra8 28. Kf2 b5 29. Ke3 Bb3 30. Ba5 Rc8 31. Bb4 Ba4 32. Rb1 Rc2
33. g4 Rxh2 34. Rc1 g5 35. Be7 Rc2 36. Rxc2 Bxc2 37. Bxg5 b4 38. Be7 b3 39.
Ba3 Kg7 40. Kd4 Kg6 41. Kc5 Kg5 42. Kb5 Kf4 43. Ka6 Kxf3 44. Kxa7 Kxg4 45.
Kb6 h5 {White forfeits on time} 0-1